 Dungeon Crawl Stone Soup version 0.28.0-43-g3370ac3207 (webtiles) character file.

Game seed: 566610447973147978

25363 Kaptain the Geomancer (level 13, -30/82 HPs)
             Began as a Gargoyle Earth Elementalist on Mar 18, 2022.
             Annihilated by a two-headed ogre
             ... wielding a +2 great mace of flaming
              (31 damage)
             ... in a volcano.
             The game lasted 00:39:17 (17402 turns).

Kaptain the Geomancer (GrEE)                       Turns: 17402, Time: 00:39:18

Health: -30/82     AC: 19    Str: 12    XL:     13   Next: 19%
Magic:  6/26       EV: 12    Int: 33    God:
Gold:   999        SH:  6    Dex:  8    Spells: 20/30 levels left

rFire   + + .      SeeInvis .   y - +1 morningstar (protect)
rCold   . . .      Faith    .   o - +2 buckler "Ixzean" {Harm rF+ rN+ Dex-2}
rNeg    + + .      Spirit   .   w - +0 troll leather armour
rPois   ∞          Reflect  .   (helmet restricted)
rElec   +          Harm     +   K - +0 cloak
rCorr   .          Rampage  .   g - +1 pair of gloves
Will    .....                   c - +0 pair of boots
Stlth   ++........              q - amulet of the acrobat
HPRegen 1.03/turn               n - +6 ring of intelligence
MPRegen 0.20/turn               E - +6 ring of intelligence

@: no status effects
A: sickness immunity, AC +9, negative energy resistance 1, electricity
resistance, torment resistance 1, petrification resistance, horns 1, fire
resistance 1
a: no special abilities


You were in a volcano.
You visited 4 branches of the dungeon, and saw 17 of its levels.
You also visited: Ossuary and Volcano.

You collected 999 gold pieces.

Inventory:

Hand Weapons
 d - a +0 demon blade of flaming
 e - a +2 trident of venom
 l - a +0 hunting sling of freezing
 r - a +4 vorpal long sword
 y - a +1 morningstar of protection (weapon)
Missiles
 a - 9 throwing nets
 k - 36 sling bullets
 x - 208 stones
 P - 4 javelins
Armour
 c - a +0 pair of boots (worn)
 g - a +1 pair of gloves (worn)
 o - the +2 buckler "Ixzean" (worn) {Harm rF+ rN+ Dex-2}
   (You found it on level 2 of the Dungeon)

   Dex:       It affects your dexterity (-2).
   rF:        It protects you from fire.
   rN:        It protects you from negative energy.
   Harm:      It increases damage dealt and taken.
 w - a +0 troll leather armour (worn)
 K - a +0 cloak (worn)
Magical Staves
 t - a staff of death
Jewellery
 m - a +4 ring of evasion
 n - a +6 ring of intelligence (left hand)
 q - an amulet of the acrobat (around neck)
 C - a ring of see invisible
 E - a +6 ring of intelligence (right hand)
 Q - a ring of positive energy
Wands
 u - a wand of paralysis (3)
 B - a wand of acid (3)
 D - a wand of mindburst (7)
 J - a wand of iceblast (10)
Scrolls
 b - 2 scrolls of magic mapping
 s - a scroll of amnesia
 v - 4 scrolls of enchant armour
 G - 7 scrolls of teleportation
 L - 4 scrolls of immolation
 M - 3 scrolls of fear
 N - 2 scrolls of summoning
 O - 2 scrolls of fog
Potions
 f - 2 potions of lignification
 i - 3 potions of invisibility
 j - 6 potions of haste
 p - 4 potions of mutation
 z - 4 potions of curing
 A - 4 potions of flight
 F - 5 potions of brilliance
 H - 6 potions of heal wounds
 S - a potion of berserk rage
 T - a potion of ambrosia
 U - 2 potions of might
 V - a potion of magic
Miscellaneous
 I - a phantom mirror
 R - a phial of floods


   Skills:
 * Level 10.3 Fighting
 + Level 7.3 Armour
 + Level 5.8 Dodging
 - Level 5.0 Stealth
 - Level 5.0 Shields
 * Level 9.1 Spellcasting
 * Level 10.3 Conjurations
 - Level 0.7 Transmutations
 * Level 12.1 Earth Magic


You had 20 spell levels left.
You knew the following spells:

 Your Spells              Type           Power      Damage    Failure   Level
a - Sandblast             Erth           100%       2d20      1%          1
b - Stone Arrow           Conj/Erth      100%       3d13      1%          3
c - Iron Shot             Conj/Erth      36%        9d7       8%          6

Your spell library contained the following spells:

 Spells                   Type           Power      Damage    Failure   Level
 Passwall                 Tmut/Erth      45%        N/A       1%          2
 Petrify                  Tmut/Erth      55%        N/A       3%          4
 Apportation              Tloc           30%        N/A       4%          1
 Freeze                   Ice            60%        1d8       4%          1
 Animate Armour           Summ/Erth      100%       N/A       4%          4
 Hailstorm                Conj/Ice       49%        3d11      6%          4
 Borgnjor's Vile Clutch   Necr/Erth      26%        N/A       12%         5
 Irradiate                Conj/Tmut      25%        3d22      14%         5
 Frozen Ramparts          Ice            30%        1d5       16%         3
 Blade Hands              Tmut           9%         N/A       71%         5
 Alistair's Intoxication  Tmut/Pois      11%        N/A       77%         5
 Eringya's Noxious Bog    Tmut/Pois      8%         N/A       100%        6
 Sublimation of Blood     Necr           Unusable   N/A       N/A         2

Dungeon Overview and Level Annotations

Branches:
Dungeon (11/15)            Temple (1/1) D:4            Lair (4/6) D:11
 Shoals (0/4) Lair:4        Snake (1/4) Lair:3      Ossuary (visited)
Volcano (1/1)
    Orc: D:9-12

Altars:
Ashenzari
Cheibriados
Dithmenos
Elyvilon
Fedhas
Gozag
Hepliaklqana
Kikubaaqudgha
Makhleb
Nemelex Xobeh
Okawaru
Qazlal
Ru
Sif Muna
Trog
Uskayaw
Vehumet
Wu Jian
Xom
Yredelemnul
Zin
The Shining One

Shops:
D:2 (([*   D:9 :

Annotations:
D:5 3 runed translucent doors, kthxbai's ghost, amateur DgFE
D:10 3 runed translucent doors


Innate Abilities, Weirdness & Mutations

You are immune to sickness and miasma.
Your stone body is resilient. (AC +9)
You are immune to poison.
You resist negative energy. (rN+)
You are resistant to electric shocks. (rElec)
You are resistant to unholy torment.
You are immune to petrification.
You have a pair of small horns on your head.
Your flesh is heat resistant. (rF+)


Message History

Aim: a two-headed ogre, wielding two +0 giant clubs of flaming (severely wounded, 89% to hit)
The stone arrow hits the two-headed ogre!!
You kill the two-headed ogre!
Unknown command.
Casting: Stone Arrow (safe; 1% risk of failure)
Confirm with . or Enter, or press ? or * to list all spells.
Aiming: Stone Arrow (safe; 1% risk of failure)
Press: ? - help, Shift-Dir - straight line, f - two-headed ogre
Aim: a two-headed ogre, wielding a +0 giant club of flaming and a +1 great mace of flaming (89% to hit)
The stone arrow hits the two-headed ogre!
The two-headed ogre is moderately wounded.
The two-headed ogre hits you but does no damage.
The two-headed ogre hits you with a +1 great mace of flaming!!
The two-headed ogre burns you.
Casting: Stone Arrow (safe; 1% risk of failure)
Confirm with . or Enter, or press ? or * to list all spells.
Aiming: Stone Arrow (safe; 1% risk of failure)
Press: ? - help, Shift-Dir - straight line, f/p - two-headed ogre
Aim: a two-headed ogre, wielding a +0 giant club of flaming and a +1 great mace of flaming (moderately wounded, 89% to hit)
The stone arrow misses the two-headed ogre.
The stone arrow hits the two-headed ogre!!
The two-headed ogre is severely wounded.
Casting: Stone Arrow (safe; 1% risk of failure)
Confirm with . or Enter, or press ? or * to list all spells.
Aiming: Stone Arrow (safe; 1% risk of failure)
Press: ? - help, Shift-Dir - straight line, f/p - two-headed ogre
Aim: a two-headed ogre, wielding a +0 giant club of flaming and a +1 great mace of flaming (moderately wounded, 89% to hit)
The stone arrow hits the two-headed ogre!!
The two-headed ogre is almost dead.
The air gets thick with the scent of sulphur.
The two-headed ogre hits you with a +0 giant club of flaming!
* * * LOW HITPOINT WARNING * * *
The two-headed ogre burns you.
* * * LOW HITPOINT WARNING * * *
The two-headed ogre hits you with a +1 great mace of flaming!
* * * LOW HITPOINT WARNING * * *
The two-headed ogre burns you.
* * * LOW HITPOINT WARNING * * *
The two-headed ogre hits you with a +2 great mace of flaming!!
You die...

####§§≈≈≈≈≈≈≈§≈
##≈≈§≈≈#######≈§≈≈≈#
#§≈§≈###...[.###≈≈§
#≈§≈≈##.#.[...#.##≈
#≈≈≈≈#.)'.....'..#
≈≈≈§##..')._..'..## ≈
§≈§§#...#.....#...#§≈≈
§≈≈≈#...#######...#§≈≈
§≈≈≈#...'[.[@O'...#§≈≈
≈≈≈≈#...#..≈)O#...#≈≈§
#≈§≈#..)#8≈≈≈8#...#§≈≈
§≈§§##.)'..≈..'..## ≈
§§§§≈#..'.....'..# #≈
§≈##)#8...8#.##§
§≈§###.....###§≈
#§§§§≈.....≈§≈≈≈≈
#≈§≈≈8...8≈≈§≈§≈


You could see 2 two-headed ogres.

Vanquished Creatures
  A red draconian (Volcano)
  Harold (D:7)
  A catoblepas (Lair:3)
  3 hydras
  An ogre mage (Volcano)
  7 two-headed ogres
  2 black mambas
  Maurice (D:8)
  5 cane toads
  An unseen horror (D:11)
  3 komodo dragons
  A polar bear (Lair:1)
  3 trolls
  11 blink frogs
  A hornet (Lair:2)
  A slime creature (D:7)
  9 yaks
  4 wyverns
  6 basilisks
  Grum (D:6)
  6 vampire mosquitoes
  A naga (Lair:3)
  11 water moccasins
  An ice beast (D:8)
  7 orc warriors
  5 black bears
  A sky beast (D:5)
  An ogre (D:4)
  2 centaurs (D:9)
  5 wolves
  2 phantoms
  7 bullfrogs
  A kobold brigand (D:9)
  2 gnoll sergeants (D:6)
  3 scorpions
  10 wights
  A howler monkey (D:10)
  A bullfrog zombie (D:6)
  6 centaur zombies
  7 hounds
  8 orc priests
  2 bullfrog skeletons
  3 gnoll shamans
  4 iguanas
  6 orc wizards
  A killer bee zombie (D:6)
  3 mummies
  A howler monkey zombie (D:8)
  7 adders
  17 gnolls
  2 shadow imps
  A white imp (D:7)
  2 ufetubi (D:5)
  2 dart slugs
  42 orcs
  4 bats
  5 endoplasms
  2 giant cockroaches
  2 gnoll zombies (Ossuary)
  7 goblins
  4 hobgoblins
  A jackal (D:6)
  3 quokkas
  14 ball pythons
  7 frilled lizards
  A goblin zombie (Ossuary)
  A hobgoblin zombie (Ossuary)
  9 kobolds
  2 orc zombies (Ossuary)
  3 rats (D:1)
309 creatures vanquished.

Vanquished Creatures (others)
  44 fungi
  53 plants
97 creatures vanquished.

Grand Total: 406 creatures vanquished

Notes
Turn   | Place    | Note
-------+----------+-------------------------------------------
     0 | D:1      | Kaptain the Gargoyle Earth Elementalist began the quest for
                  | the Orb.
     0 | D:1      | Reached XP level 1. HP: 10/10 MP: 3/3
    56 | D:1      | Reached XP level 2. HP: 15/16 MP: 0/5
   233 | D:1      | Reached skill level 1 in Fighting
   233 | D:1      | Reached skill level 1 in Conjurations
   233 | D:1      | Reached XP level 3. HP: 12/20 MP: 0/6
   427 | D:1      | Reached skill level 4 in Earth Magic
  1091 | D:2      | Found a radiant altar of Vehumet.
  1094 | D:2      | Found Ebaidghi's Assorted Antiques.
  1158 | D:2      | Reached XP level 4. HP: 25/25 MP: 5/7
  1160 | D:2      | Identified the +2 buckler "Ixzean" {Harm rF+ rN+ Dex-2}
  1174 | D:2      | Learned a level 3 spell: Stone Arrow
  1189 | D:2      | Reached skill level 1 in Armour
  1201 | D:2      | Found Jeud's Weapon Emporium.
  1339 | D:2      | Found Ariydoki's Armour Shop.
  1594 | D:2      | Found Huurchel's Antique Weapon Boutique.
  1741 | D:3      | Reached skill level 1 in Shields
  1741 | D:3      | Reached XP level 5. HP: 30/30 MP: 6/9
  2055 | D:3      | Found a faded altar of an unknown god.
  2828 | D:4      | Noticed a phantom
  2841 | D:4      | Killed a phantom
  2842 | D:4      | Reached XP level 6. HP: 36/36 MP: 0/10
  3238 | D:4      | Reached skill level 5 in Earth Magic
  3319 | D:4      | Reached XP level 7. HP: 41/41 MP: 4/11
  3488 | D:4      | Found a staircase to the Ecumenical Temple.
  3495 | Temple   | Entered the Ecumenical Temple
  3747 | D:4      | Found an opulent altar of Gozag.
  3747 | D:4      | Found a bloodstained altar of Trog.
  3755 | D:4      | Found a glowing silver altar of Zin.
  3757 | D:4      | Found an iron altar of Okawaru.
  3759 | D:4      | Found a radiant altar of Vehumet.
  3837 | D:5      | Entered Level 5 of the Dungeon
  4623 | D:5      | Noticed a two-headed ogre
  4946 | D:5      | Reached XP level 8. HP: 45/48 MP: 6/13
  4966 | D:5      | Found a runed translucent gate.
  5144 | D:5      | Killed a two-headed ogre
  5145 | D:5      | Reached skill level 6 in Earth Magic
  5304 | D:5      | Found a runed translucent gate.
  5304 | D:5      | Found a runed translucent gate.
  5304 | D:5      | Noticed kthxbai's ghost (amateur DgFE)
  5626 | D:6      | Reached skill level 5 in Conjurations
  5626 | D:6      | Reached XP level 9. HP: 53/53 MP: 8/15
  5685 | D:6      | Reached skill level 5 in Fighting
  5884 | D:6      | Reached skill level 7 in Earth Magic
  6149 | D:6      | Reached skill level 5 in Spellcasting
  6443 | D:6      | Paralysed by a gnoll for 5 turns
  6672 | D:6      | Found a sparkling altar of Nemelex Xobeh.
  6683 | D:6      | Found a hazy altar of Hepliaklqana.
  6859 | D:6      | Noticed Grum
  6861 | D:6      | Killed Grum
  7511 | D:7      | Found a burning altar of Makhleb.
  7568 | D:7      | Found an opulent altar of Gozag.
  7572 | D:7      | Reached skill level 8 in Earth Magic
  7572 | D:7      | Reached XP level 10. HP: 60/60 MP: 8/18
  7730 | D:7      | Noticed Harold
  7892 | D:7      | Noticed a boulder beetle
  7967 | D:7      | Killed Harold
  8483 | D:8      | Found a sand-covered staircase.
  8490 | Ossuary  | Entered an ossuary
  9395 | D:8      | Noticed Maurice
  9400 | D:8      | Killed Maurice
  9599 | D:9      | Noticed a two-headed ogre
  9605 | D:9      | Killed a two-headed ogre
  9606 | D:9      | Reached skill level 5 in Armour
  9606 | D:9      | Reached skill level 5 in Shields
  9606 | D:9      | Reached skill level 9 in Earth Magic
 10185 | D:9      | Found Qoolid's Book Shoppe.
 10279 | D:9      | Reached XP level 11. HP: 67/67 MP: 14/21
 10701 | D:10     | Entered Level 10 of the Dungeon
 11488 | D:10     | Found a runed translucent gate.
 11488 | D:10     | Found a runed translucent gate.
 11488 | D:10     | Found a runed translucent gate.
 11488 | D:10     | Noticed a purple ugly thing
 11490 | D:10     | Noticed a white ugly thing
 11492 | D:10     | Noticed a glowing orange brain
 11492 | D:10     | Noticed a red ugly thing
 11955 | D:11     | Noticed a four-headed hydra
 11961 | D:11     | Killed a four-headed hydra
 12421 | D:11     | Noticed a two-headed ogre
 12431 | D:11     | Killed a two-headed ogre
 12432 | D:11     | Reached skill level 10 in Earth Magic
 12556 | D:11     | Found a staircase to the Lair.
 13234 | Lair:1   | Entered Level 1 of the Lair of Beasts
 13426 | Lair:1   | Gained mutation: You have a pair of small horns on your
                  | head. [potion of mutation]
 13426 | Lair:1   | Gained mutation: Your flesh is heat resistant. (rF+)
                  | [potion of mutation]
 13668 | Lair:1   | Reached skill level 5 in Dodging
 13668 | Lair:1   | Reached XP level 12. HP: 73/75 MP: 8/23
 13836 | Lair:1   | Noticed a six-headed hydra
 13847 | Lair:1   | Killed a six-headed hydra
 14698 | Lair:2   | Reached skill level 11 in Earth Magic
 14837 | Lair:2   | Learned a level 6 spell: Iron Shot
 15481 | Lair:2   | Reached skill level 5 in Stealth
 15787 | Lair:3   | Found a staircase to the Snake Pit.
 16474 | Lair:3   | Noticed a five-headed hydra
 16481 | Lair:3   | Killed a five-headed hydra
 16773 | Lair:3   | Noticed a catoblepas
 16780 | Lair:3   | Killed a catoblepas
 17012 | Snake:1  | Entered Level 1 of the Snake Pit
 17034 | Lair:4   | Found a dark tunnel.
 17043 | Volcano  | Entered a volcano
 17059 | Volcano  | Noticed an ogre mage
 17062 | Volcano  | Found a radiant altar of Vehumet.
 17066 | Volcano  | Killed an ogre mage
 17067 | Volcano  | Reached skill level 10 in Fighting
 17067 | Volcano  | Reached skill level 10 in Conjurations
 17067 | Volcano  | Reached XP level 13. HP: 82/82 MP: 12/25
 17110 | Volcano  | Noticed a red draconian
 17274 | Volcano  | Killed a red draconian
 17275 | Volcano  | Reached skill level 12 in Earth Magic
 17402 | Volcano  | HP: 2/82 [two-headed ogre/+0 giant club of flaming (13)]
 17402 | Volcano  | Annihilated by a two-headed ogre

Illustrated notes

Levels and vault maps discovered:
D:1:      dpeg_arrival_rooms_a, layout_basic, minmay_tetromino_t2
D:2:      layout_rooms, serial_shops, nicolae_shop_bloodbath_and_beyond, shop,
          shop_coins, shop, basic_altar
D:3:      layout_loops_ring, dreamdust_ecumenical_altar_statues,
          chequers_serial_rivers_small_b
D:4:      cheibrodos_old_hovel, layout_cave_pools,
          chequers_temple_overflow_minitemple, minmay_temple_entry_nine_rooms
D:5:      layout_rooms, gammafunk_ghost_necromancy, chequers_mini_garden
D:6:      layout_cave_pools, mainiacjoe_overflow_large_starburst,
          serial_gnoll_camp, gnoll_camp_mini_hut, gnoll_camp_medium_01,
          grums_kennel, minivault_27
D:7:      layout_rooms, corexii_hall_statues_x, hangedman_feature_mirror,
          serial_bayou_pond_d, uniq_harold
D:8:      layout_loops_ring, gup_ossuary_entry_pyramid,
          chequers_serial_rivers_room_a, uniq_maurice, uniq_grum
D:9:      layout_basic, nicolae_inconvenience_store
D:10:     layout_loops_ring, ploomutoo_gammafunk_ghost_potion_laboratory
D:11:     layout_gridville, due_lair_maze_entry_diamond
Temple:   regret_index_temple_waves
Lair:1:   layout_roguey, grunt_megastairs_3
Lair:2:   layout_cave_pods
Lair:3:   layout_long_grid, guppyfry_snake_entry_garden
Lair:4:   layout_regular_city, elwin_shoals_entry_rocks,
          nicolae_volcano_entry_two_sided, chequers_serial_rivers_small_b,
          uniq_rupert
Snake:1:  layout_honeycomb, basic_altar, nicolae_snake_linked_coils,
          nicolae_snake_bzzzt, grunt_megastairs_2, serial_bayou_shore_a,
          uniq_aizul
Volcano:  kennysheep_volcano_temple

Skill      XL: |  1  2  3  4  5  6  7  8  9 10 11 12 13 |
---------------+----------------------------------------+-----
Fighting       | 1 2 3 4 6 7 8 10 | 10.3
Conjurations   | 1 2 3 4 5 6 7 8 10 | 10.3
Earth Magic    | 4 5 6 8 9 10 11 12 | 12.1
Armour         | 1 2 3 4 5 6 7 |  7.3
Shields        | 1 2 3 4 5 |  5.0
Dodging        | 2 3 4 5 |  5.8
Spellcasting   | 3 4 5 6 7 8 9 |  9.1
Stealth        | 4 5 |  5.0
Transmutations | |  0.7

Action                   |  1- 3 |  4- 6 |  7- 9 | 10-12 | 13-15 || total
-------------------------+-------+-------+-------+-------+-------++-------
Melee: Unarmed           |     9 |       |       |       |       ||     9
       Short sword       |    39 |    18 |       |       |       ||    57
       Morningstar       |       |     5 |       |     1 |       ||     6
       Flail             |       |       |     7 |       |       ||     7
       Long sword        |       |       |       |    50 |       ||    50
       Headbutt          |       |       |       |     6 |       ||     6
 Fire: Hunting sling     |       |    97 |    76 |     8 |       ||   181
 Cast: Sandblast         |    22 |    13 |    25 |   107 |       ||   167
       Stone Arrow       |       |    16 |    79 |   206 |    19 ||   320
       Iron Shot         |       |       |       |       |     2 ||     2
  Use: Scroll            |       |     6 |     4 |     8 |     1 ||    19
       Potion            |       |       |       |     5 |       ||     5
 Stab: Sleeping          |     2 |     1 |       |     1 |       ||     4
Armor: Robe              |    13 |    19 |     2 |       |       ||    34
       Leather armour    |       |       |    13 |     5 |       ||    18
       Troll leather arm |       |       |       |    67 |     3 ||    70
Dodge: Dodged            |    33 |    51 |    31 |   124 |     2 ||   241
Block: Buckler           |       |       |     9 |    71 |     1 ||    81
